cohdb
Replays
Latest Replays
All Replays
Popular Replays
Top Player Replays
Match Explorer
How It Works
Community
CoH3 Stats
Reddit
Sign in to upload your games and track your stats! →
Sign in with Steam
Match 41880171
Unlisted
Match 41880171
Overview
Messages
Build Orders
End
Kradschützen Motorcycle Team
Panzerpioneer Squad
Panzerpioneer Squad
250 Light Carrier
Construct Light Support Kompanie
Combat Half-tracks
MG34 Team
Fire Support Elements
2.5-tonne Medical Truck
Pak 38 Anti-tank Gun Team
le.IG 18 Mechanized Group
Panzergrenadier Squad
Panzerjäger Squad
Construct Panzerarmee Kommand
Selects Panzerjäger Kommand Battlegroup
Selects Tank Busters
Selects Crew Shock Tactics
Crew Shock Tactics
Selects Mine Fields
Selects Early Warning
Early Warning
Walking Stuka Rocket Launcher
Pak 38 Anti-tank Gun Team
Armored Reserves
[HAN]Diederick Kastner
Fennerai
Silianu
soiweg
Warris LeMid
UMP45
BT-7274
Grinch
0
0
Comments
sign in to comment!
No comments posted yet!